How to deal with 1v1 Blob Dak and Tiger

Match 26458509
End
Engineer Squad
Selects Airborne Battlegroup
Selects Heavy Machine Gun Paradrop
Heavy Machine Gun Paradrop
Construct Barracks
Riflemen Squad
Riflemen Squad
Infantry Support Center
Selects Paratrooper Squad Paradrop
Heavy Machine Gun Paradrop
Construct Medical Station
M1918 Browning Automatic Rifles
Selects Anti-tank Gun Team Paradrop
Anti-tank Gun Team Paradrop
Anti-tank Gun Team Paradrop
M1 Mortar Team
Grenade Package
Anti-tank Gun Team Paradrop
Selects Recon Loiter
Construct Tank Depot
Recon Loiter
Selects Supply Drop
M4(105) Sherman Bulldozer
Recon Loiter
Recon Loiter
Heavy Machine Gun Paradrop
M4(105) Sherman Bulldozer
Recon Loiter
Recon Loiter
Recon Loiter
M4(105) Sherman Bulldozer
Anti-tank Gun Team Paradrop
Recon Loiter
Riflemen Squad
Flauschi
Zuntew
0
0

Comments sign in to comment!

Zuntew about 1 year ago

More like a lesson from DAK experiment - do not do 2x FLak truck coz Recon plane is going to show whole map anyway and save muni for 2x mortar HT or make LEIG gun. I overinvested in to mines and greandes and made tech to early by having PTSD from greyhound spams.